 Dungeon Crawl Stone Soup version 0.32-a0-814-g0968bab981 (webtiles) character file.

Game seed: 13183326349655502535

26 smashvw the Sneak (level 2, 0/15 HPs)
             Began as a Spriggan Brigand on Mar 22, 2024.
             Succumbed to an adder's poison
             ... on level 1 of the Dungeon.
             The game lasted 00:02:17 (854 turns).

smashvw the Sneak (Spriggan Brigand)                 Turns: 854, Time: 00:02:17

Health: 0/15       AC:  6    Str:  7    XL:     2   Next: 89%
Magic:  3/3        EV: 16    Int: 12    God:
Gold:   35         SH:  0    Dex: 16    Spells: 1/1 levels left

rFire   . . .        a - +2 dagger
rCold   . . .        (no shield)
rNeg    . . .        b - +0 robe
rPois   .            (helmet restricted)
rElec   .            f - scarf {+Inv}
rCorr   .            (gloves unavailable)
SInv    +            (boots unavailable)
Will    .....        (no amulet)
Stlth   +++          h - ring of flight
HPRegen 0.22/turn    (no ring)
MPRegen 0.08/turn

%: no passive effects
@: lethally poisoned (0 -> -6), flying, studying Armour, very quick
A: very small, no large weapons, unfitting armour, see invisible, speed 3,
iridescent scales 2, inability to read after injury 1
a: Evoke Invisibility


You were on level 1 of the Dungeon.
You visited 1 branch of the dungeon, and saw 2 of its levels.

You collected 35 gold pieces.

Inventory:

Hand Weapons
 a - a +2 dagger (weapon)
Missiles
 d - 9 poisoned darts (quivered)
 e - 3 curare-tipped darts
Armour
 b - a +0 robe (worn)
 c - a +0 cloak
 f - a scarf of invisibility (worn)
Jewellery
 h - a ring of flight (left hand)
Scrolls
 g - a scroll of teleportation {unknown}
 j - a scroll of identify {unknown}


   Skills:
 + Level 2.0 Fighting
 + Level 2.6 Short Blades
 - Level 2.0 Throwing
 + Level 0.3 Armour
 - Level 2.1 Dodging
 + Level 6.2 Stealth


You had one spell level left.
You didn't know any spells.
Your spell library contained the following spells:

 Spells                   Type           Power      Damage    Failure   Level
 Ignite Poison            Fire/Alch      0%         N/A       97%         4
 Sticky Flame             Fire/Alch      0%         2d4       97%         4
 Ignition                 Fire           0%         3d3       100%        8


Dungeon Overview and Level Annotations

Branches:
Dungeon (2/15)

Altars:

Shops:
D:1 =

Annotations:
D:2 Natasha


Innate Abilities, Weirdness & Mutations

You are very small and have problems with some larger weapons.
You are too small for most types of armour.
You have supernaturally acute eyesight. (SInv)
You cover ground extremely quickly. (Speed+++)
You are mostly covered in iridescent scales. (AC +4)
You occasionally lose the ability to read scrolls when taking damage.


Message History

You barely miss the adder. The adder misses you.
Natasha, Servant of Life and Death comes into view.
You hit the adder but do no damage. The adder bites you.
Natasha casts a spell at you. You resist with some effort.
You hit the adder.
The adder is lightly wounded.
The adder closely misses you. The hobgoblin closely misses you.
The adder closely misses you.
Natasha mumbles some strange words.
An adder comes into view.
There is an escape hatch in the ceiling here.
The kobold closely misses you. The hobgoblin hits you.
The kobold hits you with a +0 club. The adder bites you.
You are poisoned.
The adder poisons you! The hobgoblin closely misses you.
A mysterious force pulls you upwards. The hatch slams shut behind you.
You feel sick.
You feel sick. The adder misses you.
You feel sick. The adder attacks as it pursues you! The adder misses you.
You hit the adder.
The adder is moderately wounded.
You feel sick. The adder bites you.
* * * LOW HITPOINT WARNING * * *
You hit the adder.
The adder is heavily wounded.
The adder bites you.
* * * LOW HITPOINT WARNING * * *
You are lethally poisoned!
The adder poisons you!
It was a potion of mutation.
You feel extremely strange.
You occasionally lose the ability to read scrolls when taking damage.
Iridescent scales grow over part of your body.
Iridescent scales spread over more of your body.
* * * LOW HITPOINT WARNING * * *
You feel sick. The adder bites you but does no damage.
Okay, then.
You hit the adder but do no damage.
The adder is heavily wounded.
You die...

#.# #.######.##. #.# #.######.##.
#.#####.#......###
###.......#).....###
#......####......... #.###..#
#.....#### #.###..# #.....####
#.#....# #....>.รท## #.#@#.##
#.#.###.## #.#S#.#####.#.###.##
#ggK..##..........##
###.####.##....##[##
#.####.##....##.## ###
#..>...##..>...... ###
#.##########################[
..###.#..........................
#.....#.#########################


You could see an adder, a hobgoblin and a kobold.

Vanquished Creatures
  A dart slug (D:2)
  A ball python (D:1)
  3 giant cockroaches (D:1)
  A goblin (D:1)
  4 jackals (D:1)
  2 kobolds (D:1)
  5 bats
  2 frilled lizards (D:1)
  A rat (D:1)
20 creatures vanquished.

Notes
Turn   | Place    | Note
-------+----------+-------------------------------------------
     0 | D:1      | smashvw the Spriggan Brigand began the quest for the Orb.
     0 | D:1      | Reached XP level 1. HP: 10/10 MP: 2/2
   123 | D:1      | Reached skill level 6 in Stealth
   262 | D:1      | Reached XP level 2. HP: 14/15 MP: 3/3
   308 | D:1      | Found Keipecs's One-of-a-Kind Rings.
   839 | D:2      | Noticed Natasha
   853 | D:1      | Gained mutation: You occasionally lose the ability to read
                  | scrolls when taking damage. [potion of mutation]
   853 | D:1      | Gained mutation: You are partially covered in iridescent
                  | scales. (AC +2) [potion of mutation]
   853 | D:1      | Gained mutation: You are mostly covered in iridescent
                  | scales. (AC +4) [potion of mutation]
   854 | D:1      | Succumbed to an adder's poison

Illustrated notes

Levels and vault maps discovered:
D:1:      wheals_arrival_linesprint, layout_loops_cross,
          nicolae_shop_unique_rings, minmay_worlds_worst_comb
D:2:      layout_basic, uniq_natasha, uniq_terence, uniq_crazy_yiuf_cottage

Skill      XL: |  1  2 |
---------------+-------+-----
Stealth        | 6 |  6.2
Dodging        | 2 |  2.1
Fighting       | 2 |  2.0
Short Blades   | |  2.6
Throwing       | |  2.0
Armour         | |  0.3

Action                     || total
---------------------------++-------
  Melee: Dagger            ||    64
    Use: Potion            ||     1
   Stab: Sleeping          ||     6
 Armour: Robe              ||    26
  Dodge: Dodged            ||    56

Table legend: (Time is in decaauts)
 A = Elapsed time spent in this place.
 B = Non-inter-level travel time spent in this place.
 C = Inter-level travel time spent in this place.
 D = Time resting spent in this place.
 E = Time spent auto-exploring this place.
 F = Levels seen in this place.
 G = Mean time per level.
                   A        B        C        D        E       F      G
               +--------+--------+--------+--------+--------+-----+--------+
         Total |    553 |    525 |     28 |      0 |    398 |   2 |  276.5 |
       Dungeon |    553 |    525 |     28 |      0 |    398 |   2 |  276.5 |
               +--------+--------+--------+--------+--------+-----+--------+

Top non-repeatable levels by time:
     D:1: 513 daAuts
     D:2: 39 daAuts
